 Dungeon Crawl Stone Soup version 0.29.1-4-g47bece8355 (webtiles) character file.

Game seed: 18200349099477201012

11 hawla the Chiller (level 2, -4/20 HPs)
             Began as a Meteoran Ice Elementalist on Dec 4, 2022.
             Killed by divine providence
             ... invoked by an orc priest
              (16 damage)
             ... on level 2 of the Dungeon.
             The game lasted 00:01:36 (198 turns).

hawla the Chiller (Meteoran Ice Elementalist)        Turns: 198, Time: 00:01:37

Health: -4/20      AC:  2    Str:  9    XL:     2   Next: 52%
Magic:  6/6        EV: 12    Int: 16    God:
Gold:   27         SH:  0    Dex: 14    Spells: 5/6 levels left

rFire   . . .      SeeInvis .   e - staff of cold
rCold   + . .      Faith    .   (no shield)
rNeg    . . .      Spirit   .   a - +0 robe
rPois   .          Reflect  .   (no helmet)
rElec   .          Harm     .   (no cloak)
rCorr   .          Rampage  .   (no gloves)
Will    .....                   (no boots)
Stlth   +.........              (no amulet)
HPRegen 0.06/turn               (no ring)
MPRegen 0.10/turn               (no ring)

@: glowing
A: sense surroundings 1, otherworldly, glowing, explore regen
a: no special abilities


You were on level 2 of the Dungeon.
You visited 1 branch of the dungeon, and saw 2 of its levels.

You collected 27 gold pieces.

Inventory:

Armour
 a - a +0 robe (worn)
Magical Staves
 e - a staff of cold (weapon)
Potions
 d - a potion of heal wounds {unknown}
 f - a potion of might {unknown}
 h - 2 potions of attraction {unknown}


   Skills:
 + Level 2.4 Dodging
 - Level 1.4 Stealth
 + Level 2.7 Spellcasting
 + Level 5.0 Ice Magic


You had 5 spell levels left.
You knew the following spells:

 Your Spells              Type           Power      Damage    Failure   Level
a - Freeze                Ice            100%       1d11      2%          1

Your spell library contained the following spells:

 Spells                   Type           Power      Damage    Failure   Level
 Frozen Ramparts          Ice            54%        1d9       8%          3
 Ozocubu's Armour         Ice            27%        N/A       8%          3
 Hailstorm                Conj/Ice       15%        3d5       56%         4


Dungeon Overview and Level Annotations

Branches:
Dungeon (2/15) Zot: 1000

Altars:


Innate Abilities, Weirdness & Mutations

You passively map a small area around you.
You are easily found by Zot.
You glow in the dark.
You regain HP and MP as you explore.


Message History

Casting: Freeze (safe; 2% risk of failure)
Confirm with . or Enter, or press ? or * to list all spells.
Aiming: Freeze (safe; 2% risk of failure)
Press: ? - help, Shift-Dir - straight line, f/p - bat
Aim: a bat (severely wounded)
You feel a surge of power!
You freeze the bat.
You kill the bat!
A ball python comes into view.
Your Ice Magic skill increases to level 5!
You are too injured to fight recklessly!
Unknown command.
The ball python hisses angrily.
You hear a shout!
An orc comes into view. It is wielding a +0 mace.
Casting: Freeze (safe; 2% risk of failure)
Confirm with . or Enter, or press ? or * to list all spells.
Aiming: Freeze (safe; 2% risk of failure)
Press: ? - help, Shift-Dir - straight line, f - orc wizard
Aim: an orc wizard, wielding a +0 dagger and wearing a +0 robe You feel a surge of power!
You freeze the orc wizard.
The orc wizard is moderately wounded.
The orc wizard hits you but does no damage.
Casting: Freeze (safe; 2% risk of failure)
Confirm with . or Enter, or press ? or * to list all spells.
Aiming: Freeze (safe; 2% risk of failure)
Press: ? - help, Shift-Dir - straight line, f/p - orc wizard
Aim: an orc wizard, wielding a +0 dagger and wearing a +0 robe (moderately wounded)
You feel a surge of power!
You freeze the orc wizard.
The orc wizard is heavily wounded.
An orc priest comes into view. It is wielding a +0 club.
The orc wizard hits you but does no damage.
Magic courses through your body. The orc wizard barely misses you.
An orc priest comes into view. It is wielding a +0 dagger.
The orc hits you with a +0 hand axe.
* * * LOW HITPOINT WARNING * * *
It was a potion of curing.
You feel better.
The orc priest shouts!
The orc priest calls down the wrath of Beogh upon you.
Beogh smites you!
Ouch! That really hurt!
You die...

, * * ##.
, > ..oo *
* **##...,
* , #..o.
...# * *
######S.#
#....oo#
#* *
*#.@.#.##
#..#.⌠.#
#.).#.#.#
* ###.#.#
#* *
#...##.#*
⌠
#.###*#.#
#.# #.. ,
,
#######.##
?..
.......<.#
.. , ,,


You could see 2 orc priests, an orc wizard, 2 orcs and a ball python.

Vanquished Creatures
  A dart slug (D:1)
  2 endoplasms
  A goblin (D:1)
  A hobgoblin (D:1)
  A bat (D:2)
  A frilled lizard (D:1)
  A kobold (D:2)
  A rat (D:1)
9 creatures vanquished.

Notes
Turn   | Place    | Note
-------+----------+-------------------------------------------
     0 | D:1      | hawla the Meteoran Ice Elementalist began the quest for the
                  | Orb.
     0 | D:1      | Reached XP level 1. HP: 14/14 MP: 5/5
    41 | D:1      | Found a faded altar of an unknown god.
   151 | D:1      | Reached XP level 2. HP: 2/20 MP: 3/6
   192 | D:2      | Reached skill level 5 in Ice Magic
   198 | D:2      | Killed from afar by an orc priest

Illustrated notes

Levels and vault maps discovered:
D:1:      minmay_arrival_plants_in_alcoves, layout_loops_cross,
          shapermc_ecumenical_altar_acropolis
D:2:      layout_rooms, grunt_decor_mini_mirrors, uniq_crazy_yiuf_cottage

Skill      XL: |  1  2 |
---------------+-------+-----
Ice Magic      | 5 |  5.0
Dodging        | |  2.4
Stealth        | |  1.4
Spellcasting   | |  2.7

Action                   || total
-------------------------++-------
Melee: Staff             ||     4
 Cast: Freeze            ||    15
  Use: Scroll            ||     2
       Potion            ||     2
Armor: Robe              ||     5
Dodge: Dodged            ||     4
